Map: Equilibrium LE

Players

Oliveira

  • Race: Terran Terran
  • League: Grandmaster
  • Spawn Location: 1:00

ONSYDESolar (Solar) - Winner!

  • Race: Zerg Zerg
  • League: Master
  • Spawn Location: 11:00

VOD

Have the link to the VOD?

Description

Time

  • Played on: Nov. 27, 2023, 5 a.m.
  • Length: 13:20
Show
View Real Time Build Order
Export as new Build Order

Oliveira Terran 

Build Orders: Reaper Expand 

Get SALT Encoding   

  12  0:00  SCV  
  13  0:12  SCV  
  14  0:17  Supply Depot  
  14  0:24  SCV  
  15  0:38  SCV  
  15  0:40  Barracks  
  16  0:44  Refinery  
  16  0:51  SCV  
  17  1:03  SCV  
  18  1:15  SCV  
  19  1:28  Orbital Command  
  19  1:29  Reaper  
  20  1:39  Command Center  
  20  1:47  Supply Depot  
  20  1:53  SCV  
  21  2:01  Marine  
  21  2:05  SCV  
  23  2:09  Factory  
  23  2:18  SCV  
  25  2:27  Barracks Reactor  
  24  2:30  SCV  
  25  2:40  Command Center  
  25  2:42  SCV  
  26  2:50  Orbital Command  
  26  2:54  SCV  
  27  3:02  Starport  
  27  3:06  SCV  
  27  3:07  Refinery  
  27  3:12  Hellion  
  30  3:14  Hellion  
  30  3:16  SCV  
  30  3:18  SCV  
  34  3:20  Barracks Tech Lab  
  34  3:28  SCV  
  34  3:30  SCV  
  34  3:34  Hellion  
  38  3:35  Hellion  
  38  3:40  SCV  
  41  3:42  SCV  
  41  3:46  Viking  
  41  3:47  Barracks Tech Lab  
  44  3:52  SCV  
  44  3:53  Orbital Command  
  44  3:54  SCV  
  46  3:58  Hellion  
  46  4:00  Hellion  
  50  4:03  Supply Depot  
  50  4:04  SCV  
  50  4:06  SCV  
  50  4:08  Stimpack  
  50  4:09  Marine  
  54  4:17  SCV  
  54  4:23  Liberator  
  57  4:24  SCV  
  57  4:26  SCV  
  59  4:31  Marine  
  59  4:32  SCV, Barracks  
  59  4:34  Factory Reactor  
  59  4:35  Barracks  
  59  4:37  SCV  
  62  4:39  Supply Depot, SCV  
  62  4:45  SCV  
  64  4:49  SCV, Marine  
  64  4:52  Engineering Bay  
  66  4:53  Engineering Bay  
  66  4:55  SCV, Refinery  
  66  4:57  SCV, Refinery  
  68  5:01  SCV  
  69  5:07  Marine  
  69  5:08  SCV  
  71  5:15  SCV, Starport Reactor, Barracks  
  71  5:17  Orbital Command, SCV  
  71  5:18  Barracks  
  71  5:20  Marine  
  71  5:21  Marine  
  75  5:22  Supply Depot  
  75  5:23  Supply Depot  
  75  5:26  Terran Infantry Weapons Level 1, Terran Infantry Armor Level 1  
  75  5:30  SCV  
  75  5:31  Marine  
  75  5:33  Supply Depot  
  77  5:44  SCV, Marine x4  
  77  5:45  SCV x2  
  77  5:49  Marine  
  88  5:51  Supply Depot  
  88  5:53  Combat Shield, Medivac x2  
  88  5:56  SCV  
  91  5:57  SCV  
  91  6:02  Siege Tank, Marine x2  
  94  6:08  SCV  
  94  6:09  Marine  
  94  6:10  Marine  
  94  6:11  Barracks Reactor x2  
  93  6:13  SCV  
  93  6:14  Marine  
  93  6:15  Supply Depot  
  93  6:16  SCV  
  96  6:19  Marine x2  
  96  6:21  SCV  
  96  6:23  Supply Depot  
  96  6:25  SCV  
  100  6:27  Marine  
  100  6:28  Marine  
  100  6:32  Marine  
  103  6:34  SCV  
  103  6:36  SCV  
  103  6:37  Siege Tank, Marine x2  
  103  6:38  Supply Depot  
  103  6:39  SCV  
  111  6:40  Refinery  
  111  6:43  Armory  
  111  6:45  Marine x2  
  113  6:49  Marine x2  
  113  6:51  Marine  
  113  6:52  Marine  
  113  6:54  Marine  
  117  6:57  SCV x2  
  117  6:58  SCV  
  117  6:59  Supply Depot  
  121  7:06  Supply Depot  
  121  7:08  Marine  
  119  7:11  Marine  
  119  7:15  Marine x2  
  114  7:16  Marine  
  114  7:17  Siege Tank, Marine x3  
  114  7:18  Medivac x2  
  114  7:19  SCV  
  114  7:20  Marine  
  114  7:22  SCV  
  128  7:26  Marine  
  128  7:28  Command Center  
  128  7:29  Marine  
  130  7:32  Marine x2, Factory  
  130  7:34  Marine x2  
  130  7:36  Terran Infantry Armor Level 2, Terran Infantry Weapons Level 2  
  134  7:37  Refinery  
  134  7:39  Marine  
  134  7:40  Marine  
  134  7:41  Marine  
  137  7:44  Marine  
  137  7:47  Marine  
  137  7:50  Marine x2  
  141  7:52  Marine x2  
  141  7:53  Siege Tank, Medivac  
  141  7:57  Marine  
  149  8:04  SCV x2, Marine  
  149  8:05  Marine x3  
  152  8:06  Medivac  
  152  8:07  Sensor Tower  
  157  8:13  Marine  
  157  8:15  Supply Depot  
  157  8:16  Supply Depot  
  157  8:25  Marine  
  157  8:31  Marine x3  
  151  8:37  Marine  
  151  8:38  Marine x2  
  151  8:39  Marine  
  151  8:40  Marine  
  131  8:42  Siege Tank  
  131  8:43  Marine, Medivac x2, Factory Tech Lab  
  131  8:45  SCV x2, Terran Vehicle Weapons Level 1  
  137  8:49  Marine x3  
  137  8:51  Barracks  
  137  8:52  Barracks  
  137  8:53  Barracks  
  137  8:55  Marine  
  141  8:56  SCV, Marine  
  141  8:58  Drilling Claws  
  141  8:59  Marine x2  
  145  9:04  Siege Tank, Marine  
  145  9:06  Marine  
  145  9:09  SCV x2, Marine x2  
  155  9:14  SCV  
  155  9:15  Marine x2  
  155  9:16  Supply Depot  
  155  9:17  Marine  
  158  9:18  Siege Tank  
  158  9:21  SCV, Marine  
  158  9:23  Planetary Fortress  
  163  9:25  Marine x2  
  165  9:32  Medivac x2  
  165  9:33  Marine x2  
  165  9:34  Marine  
  165  9:37  Marine  
  173  9:39  Siege Tank  
  173  9:40  Barracks Tech Lab x3  
  173  9:42  Marine x2  
  173  9:43  Supply Depot  
  178  9:46  Marine x3  
  181  9:58  Marine x2  
  181  9:59  Marine x2  
  157  10:00  Marine  
  157  10:01  Siege Tank, Marine x2  
  157  10:03  Marine, Marauder  
  157  10:04  Marine x2  
  157  10:05  Marauder  
  170  10:12  Terran Infantry Armor Level 3, Terran Infantry Weapons Level 3  
  169  10:15  Concussive Shells  
  169  10:16  Marine x2  
  169  10:18  SCV x2, Siege Tank  
  169  10:20  Marine x2, Marauder  
  180  10:25  Marine  
  181  10:30  Marine x2  
  181  10:31  Marauder  
  181  10:34  Marine  
  181  10:35  Marauder  
  188  10:39  Siege Tank  
  188  10:40  Ghost Academy  
  191  10:45  Command Center  
  191  10:47  Marine x3  
  194  10:55  Marine x2  
  194  10:56  Marine, Marauder  
  199  11:01  Terran Vehicle Weapons Level 2  
  199  11:03  Marine  
  200  11:10  Factory  
  200  11:11  Marine  
  199  11:22  Command Center x2  
  198  11:29  Marine x2  
  198  11:30  Marauder  
  198  11:31  Marine  
  200  11:46  Marine x2, Marauder  
  194  11:51  Supply Depot x2, Marauder  
  194  11:52  Siege Tank  
  194  11:54  Siege Tank  
  189  11:56  Marine x2  
  189  11:57  Marauder  
  182  12:03  Marine x2  
  182  12:04  Marauder  
  186  12:14  Marine  
  186  12:15  Marine, Marauder  
  162  12:17  Marine  
  150  12:38  Orbital Command  
  150  12:40  Supply Depot  
  150  12:41  Supply Depot  
  150  12:43  Supply Depot  
  150  13:01  Marine x3  
Show
View Real Time Build Order
Export as new Build Order

ONSYDESolar Zerg - Winner!

Build Orders: Hatch First 

Get SALT Encoding   

  12  0:00  Drone  
  13  0:12  Overlord  
  13  0:16  Drone  
  14  0:30  Drone x2  
  16  0:47  Hatchery  
  15  0:50  Drone  
  15  0:55  Drone  
  17  0:57  Drone  
  18  1:09  Extractor  
  17  1:12  Spawning Pool  
  17  1:15  Drone  
  17  1:18  Drone  
  18  1:27  Drone  
  19  1:38  Drone  
  20  1:49  Drone  
  21  1:59  Queen  
  21  2:00  Zergling x4, Queen  
  27  2:14  Hatchery  
  26  2:17  Zergling x2  
  26  2:21  Overlord  
  27  2:24  Drone  
  27  2:28  Metabolic Boost  
  28  2:39  Queen  
  28  2:40  Drone  
  31  2:44  Drone  
  31  2:47  Overlord  
  32  2:53  Drone x2  
  32  2:56  Drone x2  
  36  3:07  Drone x2  
  36  3:11  Drone  
  36  3:12  Drone x2  
  40  3:15  Queen  
  40  3:18  Overlord  
  42  3:20  Drone  
  43  3:28  Queen  
  43  3:31  Queen  
  47  3:36  Drone x3  
  50  3:42  Overlord  
  50  3:46  Drone x4  
  50  3:47  Drone  
  55  3:50  Drone  
  56  3:57  Drone  
  56  3:59  Overlord  
  56  4:01  Overlord  
  56  4:02  Drone x3  
  60  4:06  Queen  
  62  4:10  Queen  
  62  4:11  Drone  
  62  4:13  Overlord  
  65  4:18  Zergling x2  
  65  4:20  Zergling x2  
  65  4:21  Drone x2  
  65  4:22  Drone  
  65  4:24  Drone  
  71  4:27  Zergling x6, Overlord  
  71  4:29  Drone  
  75  4:36  Drone  
  76  4:40  Spore Crawler, Drone  
  76  4:44  Queen  
  78  4:46  Extractor  
  78  4:48  Evolution Chamber  
  78  4:49  Drone x6, Evolution Chamber  
  78  4:50  Spore Crawler  
  78  4:51  Drone x2  
  82  4:54  Overlord  
  82  4:56  Drone x2  
  84  5:00  Overlord  
  84  5:03  Overlord  
  84  5:04  Overlord  
  84  5:08  Extractor  
  84  5:09  Overlord  
  84  5:12  Drone  
  84  5:13  Drone x3  
  87  5:20  Hatchery  
  86  5:24  Drone  
  86  5:26  Zergling x6  
  90  5:31  Zerg Melee Weapons Level 1, Zerg Ground Armor Level 1  
  90  5:32  Drone x4  
  90  5:33  Drone  
  95  5:38  Zergling x8, Extractor  
  95  5:39  Extractor  
  97  5:46  Lair  
  97  5:48  Zergling x6  
  99  5:50  Drone  
  99  5:53  Baneling Nest  
  99  5:55  Overlord  
  99  5:57  Zergling x2  
  99  5:58  Zergling x10  
  99  5:59  Drone  
  99  6:01  Unknown  
  103  6:06  Zergling x2  
  103  6:09  Drone  
  101  6:14  Drone  
  101  6:16  Drone  
  102  6:20  Drone x2  
  102  6:23  Overlord  
  102  6:25  Zergling x10  
  109  6:29  Zergling x2  
  109  6:33  Drone x2, Queen  
  109  6:35  Hatchery  
  109  6:36  Drone  
  109  6:39  Drone x3  
  116  6:42  Hatchery, Baneling x11  
  116  6:43  Drone  
  116  6:44  Zergling x4  
  118  6:47  Centrifugal Hooks  
  118  6:48  Zergling x2  
  118  6:51  Overlord  
  118  6:52  Drone x2  
  118  6:53  Zergling x2  
  122  6:58  Zergling x6  
  125  7:03  Hydralisk Den  
  125  7:04  Zergling x6  
  125  7:05  Zergling x4  
  126  7:11  Drone x2  
  126  7:12  Zergling x12  
  122  7:19  Drone x6  
  127  7:23  Drone  
  127  7:24  Drone  
  127  7:26  Zerg Melee Weapons Level 2  
  127  7:27  Zerg Ground Armor Level 2  
  127  7:28  Overlord  
  129  7:31  Baneling x3  
  129  7:32  Overseer  
  129  7:34  Zergling x4  
  131  7:41  Hydralisk x4, Grooved Spines  
  139  7:45  Hydralisk x4  
  139  7:47  Overlord  
  139  7:48  Drone  
  139  7:50  Zergling x4  
  150  7:51  Overlord  
  150  7:57  Zergling x10  
  150  7:58  Zergling x2  
  156  8:01  Zergling x4  
  156  8:04  Baneling x11  
  158  8:07  Zergling x10  
  158  8:10  Drone x2  
  158  8:11  Infestation Pit  
  164  8:14  Zergling x6  
  164  8:16  Drone  
  164  8:17  Burrow  
  164  8:18  Drone x2  
  164  8:19  Overlord  
  170  8:20  Spore Crawler  
  170  8:21  Zergling x10  
  170  8:26  Zergling x14  
  168  8:38  Hydralisk x3  
  168  8:39  Zergling x6  
  168  8:41  Muscular Augments  
  155  8:43  Zergling x14  
  161  8:49  Hive  
  161  8:50  Zergling x10  
  161  8:53  Lurker Den, Extractor  
  164  8:57  Drone x3  
  164  8:59  Zergling x4  
  164  9:00  Zergling x6  
  172  9:05  Baneling x13  
  172  9:11  Overlord  
  172  9:12  Zergling x14  
  172  9:14  Hatchery  
  178  9:17  Drone x2  
  178  9:18  Spore Crawler, Hydralisk x3  
  178  9:23  Zergling x10  
  189  9:28  Zergling x12  
  195  9:31  Baneling x10  
  195  9:38  Zergling x8  
  199  9:42  Baneling x3  
  199  9:43  Zerg Missile Weapons Level 1  
  199  9:58  Hatchery  
  194  10:01  Viper x2  
  194  10:06  Seismic Spines, Adrenal Glands  
  198  10:10  Zergling x14  
  198  10:11  Zergling x4  
  196  10:15  Zerg Ground Armor Level 3  
  196  10:27  Drone x2  
  193  10:28  Zergling x14  
  198  10:54  Zergling x16  
  198  10:56  Baneling x16  
  199  11:03  Adaptive Talons  
  199  11:18  Zergling x4  
  199  11:25  Zergling x4  
  198  11:44  Zergling x10  
  190  11:48  Zergling x18  
  190  11:50  Zergling x2  
  199  11:55  Zergling x2  
  184  12:01  Zergling x30  
  184  12:04  Baneling x4  
  184  12:05  Baneling x7  
  184  12:06  Lurker  
  198  12:12  Zergling x8  
  193  12:15  Zergling x2  
  193  12:16  Zergling x14  
  193  12:18  Zergling x4  
  193  12:20  Zergling x10  
  199  12:24  Zergling x2  
  199  12:25  Pneumatized Carapace  
  199  12:26  Overlord x5  
  199  12:27  Overlord x2  
  199  12:28  Zergling x4  
  198  12:35  Baneling x6  
  198  12:36  Baneling x15  
  189  12:46  Zergling x26  
  200  12:51  Zergling x2  
Tags
 
Add a new tag
Caveats
  • Supply blocks, unpowered buildings, or Contaminate may cause inaccurate times.
  • Supply counts are checked every 10 seconds.